 Dungeon Crawl Stone Soup version 0.23.1 (webtiles) character file.

Game seed: 6950328377560273425

16 Borgoz the Sneak (level 2, 0/20 HPs)
             Began as a Ghoul Enchanter on Mar 5, 2019.
             Slain by a rat (1 damage)
             ... on level 1 of the Dungeon.
             The game lasted 00:01:31 (405 turns).

Borgoz the Sneak (Ghoul Enchanter)                   Turns: 405, Time: 00:01:32

Health: 0/20       AC:  2    Str: 11    XL:     2   Next: 54%
Magic:  1/3        EV: 12    Int: 10    God:
Gold:   26         SH:  0    Dex:  9    Spells: 1/4 levels left

rFire    . . .     SeeInvis .   a - +1 dagger
rCold    + . .     Gourm    .   (no shield)
rNeg     + + +     Faith    .   b - +0 robe
rPois    ∞         Spirit   .   (no helmet)
rElec    .         Reflect  .   (no cloak)
rCorr    .         Harm     .   (no gloves)
MR       .....                  (no boots)
Stlth    ++........             (no amulet)
HPRegen  0.00/turn              (no ring)
MPRegen  0.08/turn              (no ring)

@: very slightly contaminated, rotting
A: rotting body, claws 1, carnivore, cold resistance 1, negative energy
resistance 3, inhibited regeneration, torment resistance, unbreathing
a: no special abilities


You were on level 1 of the Dungeon.
You were not hungry.

You visited 1 branch of the dungeon, and saw 1 of its levels.

You collected 26 gold pieces.

Inventory:

Hand Weapons
 a - a +1 dagger (weapon)
Armour
 b - a +0 robe (worn)
Comestibles
 d - a ration


   Skills:
 + Level 1.0 Short Blades
 + Level 0.1 Armour
 + Level 1.9 Dodging
 + Level 3.6 Stealth
 + Level 1.9 Spellcasting
 + Level 2.6 Hexes


You had one spell level left.
You knew the following spells:

 Your Spells              Type           Power        Failure   Level  Hunger
a - Corona                Hex            #......      11%         1    ##.....
b - Ensorcelled Hibernat  Hex/Ice        #.....       28%         2    ###....

Your spell library contained the following spells:

 Spells                   Type           Power        Failure   Level  Hunger
 Confuse                  Hex            #.......     32%         3    ####...
 Tukima's Dance           Hex            #.......     32%         3    ####...
 Dazzling Spray           Conj/Hex       #.....       50%         3    ####...


Dungeon Overview and Level Annotations

Branches:
Dungeon (1/15)

Altars:


Innate Abilities, Weirdness & Mutations

Your body is rotting away.
You thrive on raw meat.
You are immune to poison.
You have sharp fingernails.
You are carnivorous and can eat meat at any time.
Your flesh is cold resistant. (rC+)
You are immune to negative energy. (rN+++)
You do not regenerate when monsters are visible.
You are immune to unholy pain and torment.
You can survive without breathing.


Message History

Casting: Corona (safe; 11% risk of failure)
Confirm with . or Enter, or press ? or * to list all spells.
Aiming: Ensorcelled Hibernation (safe; 28% risk of failure)
Press: ? - help, Shift-Dir - straight line, f - dart slug
Aim: a dart slug (moderately wounded, clinging, chance to defeat MR: 52%)
You miscast Ensorcelled Hibernation.
You are very lightly contaminated with residual magic.
Frost spreads across the the floor.
The rat bites you.
* * * LOW HITPOINT WARNING * * *
The dart slug launches a dart at you. The slug dart hits you.
* * * LOW HITPOINT WARNING * * *
Okay, then.
You aren't carrying any potions.
Okay, then.
You aren't carrying any scrolls.
You hit the dart slug.
The dart slug is heavily wounded.
The rat bites you.
You die...

#.## #. #... .(..#
#..#.#.#.## ..
###?.#.......... #
..........##.## # ...
#..#.........#.#
.....###............#.##
......w@................
......##r.......##..#.##
.....r.........>........
......#.................
......?.........#...#.#.
........%...............
. ....................#.
..>.......#...#(#.#.#.
...............>#.#.#.


You could see a dart slug and a rat.

Vanquished Creatures
  An ooze (D:1)
  3 bats (D:1)
  A hobgoblin (D:1)
  4 jackals (D:1)
  A goblin (D:1)
10 creatures vanquished.

Notes
Turn   | Place    | Note
-------+----------+-------------------------------------------
     0 | D:1      | Borgoz the Ghoul Enchanter began the quest for the Orb.
     0 | D:1      | Reached XP level 1. HP: 14/14 MP: 2/2
    41 | D:1      | Reached XP level 2. HP: 4/18 MP: 3/3
    49 | D:1      | Learned a level 2 spell: Ensorcelled Hibernation
   215 | D:1      | Reached skill level 1 in Short Blades
   224 | D:1      | HP: 1/20 [jackal (1)]
   404 | D:1      | HP: 1/20 [dart slug/slug dart (3)]
   405 | D:1      | Slain by a rat

Skill      XL: |  1  2 |
---------------+-------+-----
Short Blades   | 1 |  1.0
Armour         | |  0.1
Dodging        | |  1.9
Stealth        | |  3.6
Spellcasting   | |  1.9
Hexes          | |  2.6

Action                   || total
-------------------------++-------
Melee: Dagger            ||    57
 Cast: Corona            ||     3
 Stab: Sleeping          ||     1
  Eat: Chunk             ||     5
Armor: Robe              ||    19
Dodge: Dodged            ||    44
